 Dungeon Crawl Stone Soup version 0.23-a0-14-g8c9a20f (webtiles) character file.

91 jamsan the Magician (level 4, 0/32 HPs)
             Began as a Gnoll Wizard on Aug 2, 2018.
             Slain by a gnoll
             ... wielding a +0 spear
              (4 damage)
             ... on level 3 of the Dungeon.
             The game lasted 00:07:38 (2144 turns).

jamsan the Magician (Gnoll Wizard)                  Turns: 2144, Time: 00:07:39

Health: 0/32       AC:  2    Str: 10    XL:     4   Next: 59%
Magic:  2/13       EV: 14    Int: 21    God:
Gold:   174        SH:  0    Dex: 13    Spells: 6/17 levels left

rFire    + . .     SeeInvis .   e - +1 club (curse)
rCold    . . .     Gourm    .   (no shield)
rNeg     . . .     Faith    .   a - +0 robe
rPois    .         Spirit   .   b - +0 hat
rElec    .         Reflect  .   (no cloak)
rCorr    .         Harm     .   (no gloves)
MR       .....                  (no boots)
Stlth    +++.......             (no amulet)
HPRegen  0.10/turn              g - ring of protection from fire
MPRegen  0.13/turn              (no ring)

@: hasted, very quick
A: distributed training, fangs 1, strong nose
a: no special abilities


You were on level 3 of the Dungeon.
You were hungry.

You visited 1 branch of the dungeon, and saw 3 of its levels.

You collected 174 gold pieces.

Inventory:

Hand Weapons
 e - a cursed +1 club (weapon)
Missiles
 l - 33 poisoned needles
Armour
 a - a +0 robe (worn)
 b - a +0 hat (worn)
 i - a +0 leather armour
Magical Staves
 k - an uncursed staff of death {unknown}
Jewellery
 g - a ring of protection from fire (left hand)
Potions
 c - 2 potions of brilliance
 j - 2 potions of curing
Comestibles
 d - 6 rations
 f - 4 chunks of flesh


   Skills:
 + Level 1.1 Fighting
 + Level 1.1 Short Blades
 + Level 1.1 Long Blades
 + Level 1.1 Axes
 + Level 1.1 Maces & Flails
 + Level 1.1 Polearms
 + Level 1.1 Staves
 + Level 1.1 Slings
 + Level 1.1 Bows
 + Level 1.1 Crossbows
 + Level 1.1 Throwing
 + Level 1.1 Armour
 + Level 4.6 Dodging
 + Level 4.2 Stealth
 + Level 1.1 Shields
 + Level 1.1 Unarmed Combat
 + Level 7.2 Spellcasting
 + Level 2.2 Conjurations
 + Level 0.9 Hexes
 + Level 0.9 Charms
 + Level 2.2 Summonings
 + Level 0.9 Necromancy
 + Level 2.2 Translocations
 + Level 0.9 Transmutations
 + Level 0.9 Fire Magic
 + Level 0.9 Ice Magic
 + Level 0.9 Air Magic
 + Level 0.9 Earth Magic
 + Level 0.9 Poison Magic
 + Level 1.2 Invocations
 + Level 1.1 Evocations


You had 6 spell levels left.
You knew the following spells:

 Your Spells              Type           Power        Failure   Level  Hunger
a - Magic Dart            Conj           ###.         3%          1    None
b - Blink                 Tloc           N/A          5%          2    None
c - Call Imp              Summ           ###.....     5%          2    None
d - Conjure Flame         Conj/Fire      ##......     14%         3    None
e - Mephitic Cloud        Conj/Pois/Air  ##......     14%         3    None

Your spell library contained the following spells:

 Spells                   Type           Power        Failure   Level  Hunger
 Slow                     Hex            ##......     9%          2    None


Dungeon Overview and Level Annotations

Branches:
Dungeon (2/15)

Altars:
Makhleb
Yredelemnul


Innate Abilities, Weirdness & Mutations

Your experience applies equally to all skills.
You have very sharp teeth.
Your uncanny sense of smell can sniff out nearby items.


Message History

The gnoll barely misses you.
Things that are here:
a flail; a gnoll corpse Your crimson imp hits the gnoll.
You see here a jackal corpse.
Your crimson imp hits the gnoll but does no damage.
The gnoll hits you with a spear.
* * * LOW HITPOINT WARNING * * *
You closely miss the gnoll.
The gnoll is heavily wounded.
Your crimson imp blinks!
The gnoll barely misses you.
You barely miss the gnoll. You bite the gnoll, but do no damage.
The gnoll is heavily wounded.
The gnoll hits you with a spear.
* * * LOW HITPOINT WARNING * * *
You hit the gnoll.
The gnoll is almost dead.
The gnoll hits you with a spear.
You die...

##########
##...##...##
##..........##
#............#####
#.................
#.....(5†)§..####
##......†@g..#
##...##..†#.#
########...#∆
##.)).# )#...†.
....... .......
##### .......
#.%.# .......


You could see a gnoll and a friendly crimson imp.

Vanquished Creatures
  A gnoll (D:3)
  An ooze (D:1)
  A worm (D:2)
  4 dart slugs
  2 leopard geckos
  A giant cockroach (D:1)
  9 goblins
  3 hobgoblins
  3 jackals
  5 kobolds
  2 quokkas (D:2)
  A ball python (D:1)
  10 bats
  3 frilled lizards
  6 rats
52 creatures vanquished.

Vanquished Creatures (collateral kills)
  2 gnolls (D:3)
  3 jackals (D:3)
5 creatures vanquished.

Grand Total: 57 creatures vanquished

Notes
Turn   | Place    | Note
-------+----------+-------------------------------------------
     0 | D:1      | jamsan the Gnoll Wizard began the quest for the Orb.
     0 | D:1      | Reached XP level 1. HP: 13/13 MP: 8/8
   155 | D:1      | Reached XP level 2. HP: 19/19 MP: 8/10
   493 | D:1      | Reached XP level 3. HP: 25/25 MP: 8/11
  1098 | D:2      | Found a basalt altar of Yredelemnul.
  1111 | D:2      | Reached skill level 1 in Invocations
  1304 | D:2      | Found a burning altar of Makhleb.
  1664 | D:2      | Learned a level 2 spell: Blink
  1667 | D:2      | Learned a level 2 spell: Call Imp
  1671 | D:2      | Learned a level 3 spell: Conjure Flame
  1675 | D:2      | Learned a level 3 spell: Mephitic Cloud
  1794 | D:2      | Reached skill level 1 in Fighting
  1794 | D:2      | Reached skill level 1 in Short Blades
  1794 | D:2      | Reached skill level 1 in Long Blades
  1794 | D:2      | Reached skill level 1 in Axes
  1794 | D:2      | Reached skill level 1 in Maces & Flails
  1794 | D:2      | Reached skill level 1 in Polearms
  1794 | D:2      | Reached skill level 1 in Staves
  1794 | D:2      | Reached skill level 1 in Slings
  1794 | D:2      | Reached skill level 1 in Bows
  1794 | D:2      | Reached skill level 1 in Crossbows
  1794 | D:2      | Reached skill level 1 in Throwing
  1794 | D:2      | Reached skill level 1 in Armour
  1794 | D:2      | Reached skill level 1 in Shields
  1794 | D:2      | Reached skill level 1 in Unarmed Combat
  1794 | D:2      | Reached skill level 1 in Evocations
  1986 | D:2      | You fall through a shaft!
  1987 | D:3      | Reached XP level 4. HP: 32/32 MP: 11/13
  2144 | D:3      | Slain by a gnoll

Vault maps used:
D:1:      dpeg_arrival_tiny_k, serial_curves, eino_curves_02, eino_curves_03
D:2:      bloody_makhleb, lemuel_doored_altar

Skill      XL: |  1  2  3 |
---------------+----------+-----
Conjurations   | 2 |  2.2
Summonings     | 2 |  2.2
Translocations | 2 |  2.2
Invocations    | 1 |  1.2
Fighting       | 1 |  1.1
Short Blades   | 1 |  1.1
Long Blades    | 1 |  1.1
Axes           | 1 |  1.1
Maces & Flails | 1 |  1.1
Polearms       | 1 |  1.1
Staves         | 1 |  1.1
Slings         | 1 |  1.1
Bows           | 1 |  1.1
Crossbows      | 1 |  1.1
Throwing       | 1 |  1.1
Armour         | 1 |  1.1
Shields        | 1 |  1.1
Unarmed Combat | 1 |  1.1
Evocations     | 1 |  1.1
Dodging        | |  4.6
Stealth        | |  4.2
Spellcasting   | |  7.2
Hexes          | |  0.9
Charms         | |  0.9
Necromancy     | |  0.9
Transmutations | |  0.9
Fire Magic     | |  0.9
Ice Magic      | |  0.9
Air Magic      | |  0.9
Earth Magic    | |  0.9
Poison Magic   | |  0.9

Action                   |  1- 3 |  4- 6 || total
-------------------------+-------+-------++-------
Melee: Club              |     6 |    17 ||    23
       Bite              |     1 |     3 ||     4
 Cast: Magic Dart        |    84 |    17 ||   101
       Call Imp          |       |     3 ||     3
       Blink             |       |     2 ||     2
  Use: Scroll            |     9 |       ||     9
       Potion            |       |     2 ||     2
  Eat: Chunk             |     3 |       ||     3
Armor: Robe              |     4 |     3 ||     7
Dodge: Dodged            |    14 |    19 ||    33

Table legend:
 A = Spawn XP
 B = Non-spawn XP
 C = Spawn XP percentage of total XP
 D = Spawn monster count
 E = Non-spawn monster count
 F = Spawn count percentage of total count
 G = Total turns spent on level
                    A         B        C        D         E        F      G
               +---------+---------+-------+---------+---------+-------+---------
         Total |       0 |     131 |   0.0 |       0 |      57 |   0.0 |  2144
               +---------+---------+-------+---------+---------+-------+---------
           D:1 |       0 |      40 |   0.0 |       0 |      23 |   0.0 |   768
           D:2 |       0 |      41 |   0.0 |       0 |      21 |   0.0 |  1218
           D:3 |       0 |      50 |   0.0 |       0 |      13 |   0.0 |   158
               +---------+---------+-------+---------+---------+-------+---------
